 Dungeon Crawl Stone Soup version 0.29.1-2-gbd0b4ee654 (webtiles) character file.

Game seed: 12266632914972874414

65 xian the Trooper (level 3, 0/29 HPs)
             Began as a Demonspawn Abyssal Knight on Oct 29, 2022.
             Was a Priest of Lugonu.
             Slain by a scorpion (6 damage)
             ... on level 3 of the Dungeon.
             The game lasted 00:06:44 (2505 turns).

xian the Trooper (Demonspawn Abyssal Knight)        Turns: 2505, Time: 00:06:45

Health: 0/29       AC:  4    Str: 15    XL:     3   Next: 94%
Magic:  5/5        EV: 11    Int: 11    God:    Lugonu [***...]
Gold:   125        SH:  0    Dex: 13    Spells: 2/2 levels left

rFire   . . .      SeeInvis .   a - +1 hand axe
rCold   . . .      Faith    .   (no shield)
rNeg    + . .      Spirit   .   b - +0 leather armour
rPois   .          Reflect  .   (helmet restricted)
rElec   .          Harm     .   f - +0 cloak
rCorr   .          Rampage  .   (no gloves)
Will    .....                   (no boots)
Stlth   +.........              (no amulet)
HPRegen 0.09/turn               g - ring of positive energy
MPRegen 0.18/turn               (no ring)

@: lethally poisoned (0 -> -3)
A: horns 1, magic regeneration
a: Renounce Religion, Depart the Abyss, Bend Space, Banish


You were on level 3 of the Dungeon.
You worshipped Lugonu.
Lugonu was most pleased with you.
You visited 1 branch of the dungeon, and saw 3 of its levels.
You visited the Abyss 1 time.

You collected 125 gold pieces.

Inventory:

Hand Weapons
 a - a +1 hand axe (weapon)
Armour
 b - a +0 leather armour (worn)
 f - a +0 cloak (worn)
Magical Staves
 i - a staff of earth
Jewellery
 g - a ring of positive energy (left hand)
Wands
 h - a wand of charming (11)
Scrolls
 c - a scroll of enchant armour {unknown}
 e - a scroll of blinking {unknown}
 m - a scroll of teleportation
 n - a scroll of identify
Potions
 d - a potion of brilliance {unknown}
 j - a potion of lignification {unknown}
 k - a potion of curing {unknown}
 l - a potion of magic


   Skills:
 + Level 3.4 Fighting
 + Level 2.8 Axes
 + Level 2.2 Armour
 + Level 1.1 Dodging
 + Level 0.2 Stealth
 * Level 2.9 Invocations


You had 2 spell levels left.
You didn't know any spells.
Your spell library contained the following spells:

 Spells                   Type           Power      Damage    Failure   Level
 Portal Projectile        Hex/Tloc       0%         N/A       78%         3
 Tukima's Dance           Hex            0%         N/A       78%         3
 Blade Hands              Tmut           0%         N/A       100%        5


Dungeon Overview and Level Annotations

Branches:
Dungeon (3/15)

Altars:

Shops:
D:3 [


Innate Abilities, Weirdness & Mutations

You have a pair of small horns on your head.
You regenerate magic rapidly.


Message History

The adder hisses angrily.
Found a club.
You hit the adder but do no damage. Your headbutt misses the adder.
The adder barely misses you.
You slash the adder! Your headbutt misses the adder.
The adder is severely wounded.
The adder barely misses you. The adder completely misses you.
You barely miss the adder. You headbutt the adder.
The adder is almost dead.
The adder bites you.
You are poisoned.
The adder poisons you!
You hit the adder.
You kill the adder!
Lugonu accepts your kill.
You feel sick.
You feel sick.
You see here an adder corpse.
You feel sick.
You feel sick.
A scorpion comes into view.
You feel sick.
You feel sick.
You are no longer poisoned.
The scorpion stings you.
You are poisoned.
The scorpion poisons you!
You hit the scorpion.
The scorpion is lightly wounded.
You feel sick. The scorpion barely misses you.
Unknown command.
It was a potion of magic.
Magic courses through your body.
You feel sick.
The scorpion stings you but does no damage.
Unknown command.
You barely miss the scorpion. Your headbutt misses the scorpion.
The scorpion is lightly wounded.
You feel sick. The scorpion stings you.
* * * LOW HITPOINT WARNING * * *
The scorpion stings you.
You die...

.........+......................#
##########.......................
# #.............########.. ...
#.............# #....#. ###
#.............# #....#. # .
#...^..[......# #....#. #.#
#.............# #....#. #.#
#.............####....#. .. #
#.....s@.....†.......... ###.#
.......).#...#.......<.. ....#
.........#...#.......... .#
.........+...+.......... .#
##########...#........†# .#
#...#.........# .#
#...#.........# .#
#####.........# .# #.........#


You could see a scorpion.

Vanquished Creatures
  3 adders
  A worm (D:3)
  A dart slug (D:2)
  A ball python (D:1)
  6 endoplasms
  A giant cockroach (D:1)
  A goblin (D:3)
  4 hobgoblins
  2 quokkas
  2 bats
  5 frilled lizards
  4 kobolds
  3 rats
34 creatures vanquished.

Notes
Turn   | Place    | Note
-------+----------+-------------------------------------------
     0 | Abyss:1  | xian the Demonspawn Abyssal Knight began the quest for the
                  | Orb.
     0 | Abyss:1  | Reached XP level 1. HP: 18/18 MP: 2/2
     1 | D:1      | Escaped the Abyss
   694 | D:1      | Gained mutation: You have a pair of small horns on your
                  | head. [demonic ancestry]
   694 | D:1      | Reached XP level 2. HP: 24/24 MP: 3/3
  1490 | D:2      | Gained mutation: You regenerate magic rapidly. [demonic
                  | ancestry]
  1490 | D:2      | Reached XP level 3. HP: 24/29 MP: 5/5
  2033 | D:3      | Reached skill level 1 in Dodging
  2055 | D:3      | Found Vicwepp's Armour Shoppe.
  2271 | D:3      | Identified the +0 leather armour of Neefuwo {Dex+2 SInv}
  2449 | D:3      | Reached *** piety under Lugonu
  2499 | D:3      | Noticed a scorpion
  2505 | D:3      | Slain by a scorpion

Illustrated notes

Levels and vault maps discovered:
D:1:      scummos_arrival_forest, layout_basic, minmay_misc_feat_square,
          chequers_arboretum
D:2:      layout_basic, grunt_ministairs_15
D:3:      layout_basic, serial_shops, nicolae_shop_stone

Skill      XL: |  1  2  3 |
---------------+----------+-----
Armour         | 2 |  2.2
Axes           | 2 |  2.8
Dodging        | 1 |  1.1
Fighting       | |  3.4
Stealth        | |  0.2
Invocations    | |  2.9

Action                   || total
-------------------------++-------
Melee: Hand axe          ||    79
       Headbutt          ||     9
  Use: Scroll            ||     1
       Potion            ||     1
Armor: Leather armour    ||    21
Dodge: Dodged            ||    43
